[Event "Turkish Cup 2022"]
[Site "Sakarya"]
[Date "2022.03.28"]
[Round "5.4"]
[White "Baltaci, Ismail Tarik"]
[Black "Kirilmaz, Emre"]
[Result "0-1"]
[ECO "B13"]
[WhiteElo "2033"]
[BlackElo "2229"]
[Annotator "RC"]
[PlyCount "76"]
[EventDate "2022.03.25"]
[EventType "swiss"]
[EventCountry "TUR"]
[SourceTitle "playchess.com"]
[Source "ChessBase"]
[SourceQuality "1"]
[TimeControl "5400+30"]

1. e4 c6 2. d4 d5 3. exd5 cxd5 4. Bd3 Nc6 5. c3 Nf6 6. Bf4 Bg4 7. Qb3 Qd7 8. Nd2 Nh5 9. Be3 e6 10. Bb5 Nf6 11. Ngf3 Bxf3 12. Nxf3 Bd6 13. Ne5 Bxe5 14. dxe5 Ng4 15. Bf4 Qc7 16. c4 dxc4 17. Qc3 Qb6 18. Bxc6+ Qxc6 19. f3 Nh6 20. Bxh6 gxh6 21. O-O-O Qc5 22. Rd4 b5 23. Rhd1 O-O 24. Kb1 Kh8 25. Qe3 Rac8 26. Qf4 Qe7 27. Qxh6 Rfd8 28. Rd6 b4 29. R1d4 c3 30. Rh4 f5 31. Rhd4 cxb2 32. Qd2 Rg8 33. Kxb2 Qc7 34. Rxb4 Rxg2 35. Rd8+ Rxd8 36. Qxg2 Qxe5+ 37. Kb3 a5 38. f4 Qe3+ 0-1

[Event "Turkish Cup 2022"]
[Site "Sakarya"]
[Date "2022.03.28"]
[Round "5.8"]
[White "Koc, Ilkay"]
[Black "Zor, Alber Kadir"]
[Result "1/2-1/2"]
[ECO "E04"]
[WhiteElo "1995"]
[BlackElo "2147"]
[Annotator "RC"]
[PlyCount "41"]
[EventDate "2022.03.25"]
[EventType "swiss"]
[EventCountry "TUR"]
[SourceTitle "playchess.com"]
[Source "ChessBase"]
[SourceQuality "1"]
[TimeControl "5400+30"]

1. d4 Nf6 2. c4 e6 3. g3 d5 4. Nf3 dxc4 5. Bg2 c5 6. O-O Nc6 7. Qa4 Bd7 8. Qxc4 b5 9. Qd3 c4 10. Qc2 Rc8 11. Nc3 Be7 12. Bg5 Qb6 13. Rfd1 O-O 14. a3 h6 15. Be3 Nd5 16. Nxd5 exd5 17. Ne5 Be6 18. f4 Nxe5 19. fxe5 a5 20. Bf2 Rfd8 21. e4 1/2-1/2

[Event "Turkish Cup 2022"]
[Site "Sakarya"]
[Date "2022.03.28"]
[Round "5.18"]
[White "Gok, Emre"]
[Black "Bacak, Muhammed Kaan"]
[Result "1/2-1/2"]
[ECO "E60"]
[WhiteElo "1745"]
[BlackElo "2155"]
[Annotator "RC"]
[PlyCount "118"]
[EventDate "2022.03.25"]
[EventType "swiss"]
[EventCountry "TUR"]
[SourceTitle "playchess.com"]
[Source "ChessBase"]
[SourceQuality "1"]
[TimeControl "5400+30"]

1. b3 Nf6 2. Bb2 g6 3. Nf3 Bg7 4. d4 d6 5. e3 O-O 6. c4 e5 7. dxe5 Nfd7 8. Be2 Nc6 9. O-O Ndxe5 10. Nc3 Bd7 11. Qd2 Re8 12. Nd5 a5 13. Rfd1 a4 14. Nxe5 Nxe5 15. f4 a3 16. Bc3 Nc6 17. Bxg7 Kxg7 18. Qc3+ f6 19. Bf3 Be6 20. Rac1 Rf8 21. e4 Ne7 22. e5 Bxd5 23. cxd5 Rc8 24. Bg4 Nf5 25. Bxf5 gxf5 26. e6 Qe7 27. Qd3 c6 28. Qxf5 cxd5 29. Qxd5 Rxc1 30. Rxc1 f5 31. Rd1 Rf6 32. Re1 h5 33. Re3 h4 34. b4 b5 35. Kf2 Kh6 36. g4 hxg3+ 37. hxg3 Kg7 38. g4 Rh6 39. g5 Rh2+ 40. Kg3 Qa7 41. Qb3 Rh1 42. Qc3+ Kh7 43. e7 Qa8 44. Rf3 Qe4 45. g6+ Kxg6 46. Qe3 Re1 47. Qxe4 Rxe4 48. Rxa3 Rxe7 49. Ra6 Re3+ 50. Kf2 Re4 51. Rxd6+ Kh5 52. a3 Rxf4+ 53. Ke3 Rh4 54. Rd5 Kg5 55. Rxb5 Rh3+ 56. Ke2 Rxa3 57. Rb8 Kf4 58. b5 Ra2+ 59. Kd3 Rb2 1/2-1/2

[Event "Turkish Cup 2022"]
[Site "Sakarya"]
[Date "2022.03.28"]
[Round "5.22"]
[White "Kandaz, Berat Efe"]
[Black "Kilic, Eray"]
[Result "0-1"]
[ECO "D97"]
[WhiteElo "1519"]
[BlackElo "2088"]
[Annotator "RC"]
[PlyCount "72"]
[EventDate "2022.03.25"]
[EventType "swiss"]
[EventCountry "TUR"]
[SourceTitle "playchess.com"]
[Source "ChessBase"]
[SourceQuality "1"]
[TimeControl "5400+30"]

1. d4 Nf6 2. c4 g6 3. Nc3 d5 4. Nf3 Bg7 5. Qb3 dxc4 6. Qxc4 O-O 7. e4 a6 8. Be2 b5 9. Qb3 Bb7 10. e5 Ne4 11. Be3 Nxc3 12. bxc3 Bd5 13. c4 bxc4 14. Bxc4 Bxf3 15. gxf3 e6 16. Rc1 Nc6 17. Qc3 Ne7 18. Ke2 Nf5 19. Bd3 Rb8 20. Bxa6 Ra8 21. Bc4 Qh4 22. Bb3 Rfd8 23. Rcd1 Ra3 24. Qc4 Nxe3 25. fxe3 Bh6 26. Rdg1 Rb8 27. Rg4 Rxa2+ 28. Bxa2 Rb2+ 29. Kd3 Qf2 30. Qc1 Rxa2 31. Rf1 Qe2+ 32. Ke4 Ra1 33. Re1 Qxe1 34. Qxe1 Rxe1 35. f4 Bf8 36. Rg2 c5 0-1

[Event "Turkish Cup 2022"]
[Site "Sakarya"]
[Date "2022.03.28"]
[Round "5.23"]
[White "Yavuz, Efe Metehan"]
[Black "Onem, Cem"]
[Result "1-0"]
[ECO "D02"]
[WhiteElo "2054"]
[BlackElo "1793"]
[Annotator "RC"]
[PlyCount "100"]
[EventDate "2022.03.25"]
[EventType "swiss"]
[EventCountry "TUR"]
[SourceTitle "playchess.com"]
[Source "ChessBase"]
[SourceQuality "1"]
[TimeControl "5400+30"]

1. d4 d5 2. Nf3 Nf6 3. g3 Bf5 4. Bg2 h6 5. c4 c6 6. Qb3 Qb6 7. cxd5 Qxb3 8. axb3 cxd5 9. Ne5 e6 10. Nc3 Bb4 11. Bd2 Na6 12. Nb5 O-O 13. Bc3 Rfc8 14. O-O Be7 15. Nc4 Rc6 16. Ne5 Rcc8 17. Rfc1 Ne8 18. g4 Bh7 19. Bf1 f6 20. Nf3 Nd6 21. e3 Nxb5 22. Bxb5 Nc7 23. Bd7 Rd8 24. Ba4 Bd6 25. b4 Bd3 26. Ne1 Be2 27. f3 Bb5 28. Bd1 Rdc8 29. Kf2 Na6 30. Ra5 Nc7 31. Rca1 a6 32. Bd2 Rab8 33. Rc1 Na8 34. Raa1 Nb6 35. h4 Kf7 36. Bc2 Rc7 37. Bd3 Nc4 38. Bc3 Be7 39. e4 dxe4 40. fxe4 Nd6 41. Bc2 Rbc8 42. Ke3 f5 43. gxf5 Bxh4 44. Nf3 Be7 45. fxe6+ Kxe6 46. d5+ Kf7 47. Bd3 Nc4+ 48. Bxc4 Bxc4 49. Be5 Bd8 50. Bxc7 Rxc7 1-0

[Event "Turkish Cup 2022"]
[Site "Sakarya"]
[Date "2022.03.28"]
[Round "5.25"]
[White "Yasin, Hur"]
[Black "Melik, Enes"]
[Result "0-1"]
[ECO "C56"]
[WhiteElo "1931"]
[BlackElo "1592"]
[Annotator "RC"]
[PlyCount "74"]
[EventDate "2022.03.25"]
[EventType "swiss"]
[EventCountry "TUR"]
[SourceTitle "playchess.com"]
[Source "ChessBase"]
[SourceQuality "1"]
[TimeControl "5400+30"]

1. e4 e5 2. Nf3 Nc6 3. d4 exd4 4. Bc4 Nf6 5. O-O Nxe4 6. Nc3 Nxc3 7. bxc3 d5 8. Bb5 Be7 9. Ne5 Bd7 10. Nxd7 Qxd7 11. cxd4 O-O 12. Rb1 Bf6 13. Rb3 a6 14. Bd3 g6 15. c3 Na5 16. Rb2 Rfe8 17. Qf3 Bg7 18. h4 h5 19. Qg3 b5 20. f4 Qd6 21. Qf3 f5 22. Re2 Rxe2 23. Qxe2 Kf7 24. Re1 Qd7 25. a4 Nc4 26. Qa2 Re8 27. Rxe8 Qxe8 28. Kf2 c5 29. axb5 Qxb5 30. Be3 a5 31. Kf3 a4 32. Bc2 a3 33. Bd3 cxd4 34. cxd4 Qb4 35. Bxc4 dxc4 36. d5 Qb3 37. Qd2 Bc3 0-1

[Event "Turkish Cup 2022"]
[Site "Sakarya"]
[Date "2022.03.28"]
[Round "5.27"]
[White "Dolek, Gokalp Deniz"]
[Black "Ozcan, Ilker"]
[Result "0-1"]
[ECO "B33"]
[WhiteElo "1520"]
[BlackElo "2014"]
[Annotator "RC"]
[PlyCount "92"]
[EventDate "2022.03.25"]
[EventType "swiss"]
[EventCountry "TUR"]
[SourceTitle "playchess.com"]
[Source "ChessBase"]
[SourceQuality "1"]
[TimeControl "5400+30"]

1. e4 c5 2. Nf3 Nc6 3. d4 cxd4 4. Nxd4 Qb6 5. Nb3 Nf6 6. Nc3 e6 7. a3 a6 8. Bf4 e5 9. Be3 Qc7 10. g4 h6 11. h4 d6 12. Bh3 Be6 13. Qf3 h5 14. g5 Ng4 15. O-O-O Rc8 16. Qe2 Ne7 17. f4 exf4 18. Bxf4 Ng6 19. Bg3 N6e5 20. Nd4 Bc4 21. Qd2 g6 22. Bxg4 hxg4 23. h5 gxh5 24. Nf5 b5 25. Qd4 a5 26. Rh2 Rg8 27. Rf2 Qc5 28. Bxe5 Qxe5 29. Qxe5+ dxe5 30. Nd5 Bxd5 31. Rxd5 Rc5 32. Rfd2 Rxd5 33. Rxd5 Rxg5 34. Rxe5+ Kd7 35. Rd5+ Kc7 36. Rd3 Bg7 37. Kd2 Be5 38. Ke2 Bxb2 39. Kf2 b4 40. a4 Rg6 41. Kg3 Be5+ 42. Kg2 Rc6 43. Ne3 Kc8 44. Rd5 Bf4 45. Nf5 Rxc2+ 46. Kf1 b3 0-1

[Event "Turkish Cup 2022"]
[Site "Sakarya"]
[Date "2022.03.28"]
[Round "5.28"]
[White "Akin, Kadir"]
[Black "Avsar, Gediz"]
[Result "1-0"]
[ECO "A20"]
[WhiteElo "1964"]
[BlackElo "1506"]
[Annotator "RC"]
[PlyCount "56"]
[EventDate "2022.03.25"]
[EventType "swiss"]
[EventCountry "TUR"]
[SourceTitle "playchess.com"]
[Source "ChessBase"]
[SourceQuality "1"]
[TimeControl "5400+30"]

1. c4 e5 2. a3 g6 3. b4 Bg7 4. Bb2 Ne7 5. g3 O-O 6. Bg2 d6 7. d3 c6 8. Nd2 f5 9. Qc2 Nd7 10. Ngf3 Nf6 11. c5 e4 12. cxd6 Qxd6 13. dxe4 fxe4 14. Nxe4 Nxe4 15. Bxg7 Kxg7 16. Qxe4 Bf5 17. Qc4 a5 18. O-O Rfd8 19. h4 Be6 20. Qc3+ Kg8 21. e4 b5 22. Rfc1 Ra6 23. Ng5 Bc4 24. Bf1 Bxf1 25. Rxf1 Qd4 26. Qf3 Qc4 27. Qf6 Re8 28. Rfc1 Qb3 1-0

[Event "Turkish Cup 2022"]
[Site "Sakarya"]
[Date "2022.03.28"]
[Round "5.29"]
[White "Er, Mira"]
[Black "Ibik, Halit Yavuz"]
[Result "0-1"]
[ECO "B91"]
[WhiteElo "1415"]
[BlackElo "1996"]
[Annotator "RC"]
[PlyCount "104"]
[EventDate "2022.03.25"]
[EventType "swiss"]
[EventCountry "TUR"]
[SourceTitle "playchess.com"]
[Source "ChessBase"]
[SourceQuality "1"]
[TimeControl "5400+30"]

1. e4 c5 2. Nf3 d6 3. d4 cxd4 4. Nxd4 Nf6 5. Nc3 a6 6. g3 e5 7. Nf3 Be7 8. Bg2 O-O 9. O-O b5 10. Nd5 Nbd7 11. Nd2 Nxd5 12. exd5 Nb6 13. f4 Bb7 14. fxe5 Bxd5 15. exd6 Qxd6 16. Nf3 Rad8 17. c3 Qc5+ 18. Nd4 b4 19. Be3 Bxg2 20. Kxg2 bxc3 21. bxc3 Qxc3 22. Qb3 Qxb3 23. axb3 Nd5 24. Bf2 Bf6 25. Ra5 Nb4 26. Nf5 Rfe8 27. Re1 g6 28. Rxe8+ Rxe8 29. Nd4 Re4 30. Ra4 Nd3 31. Bg1 Ne1+ 32. Kf1 Bxd4 33. Rxd4 Rxd4 34. Bxd4 Nf3 35. Bc5 Nd2+ 36. Ke2 Nxb3 37. Bb6 f5 38. Kd3 a5 39. Kc3 a4 40. Be3 Kf7 41. Kb4 Ke6 42. Kxa4 Na1 43. Kb5 Kd5 44. Kb6 Nc2 45. Bf4 Nd4 46. Kb7 Ke4 47. Kc8 Nf3 48. h3 g5 49. Bd6 f4 50. gxf4 gxf4 51. Kd8 Ng5 52. h4 Nf7+ 0-1

[Event "Turkish Cup 2022"]
[Site "Sakarya"]
[Date "2022.03.28"]
[Round "5.30"]
[White "Ozel, Baran Kemal"]
[Black "Kavri, Yusuf Eren"]
[Result "0-1"]
[ECO "B57"]
[WhiteElo "1401"]
[BlackElo "1886"]
[Annotator "NA RC"]
[PlyCount "68"]
[EventDate "2022.03.25"]
[EventType "swiss"]
[EventCountry "TUR"]
[SourceTitle "playchess.com"]
[Source "ChessBase"]
[SourceQuality "1"]
[TimeControl "5400+30"]

1. e4 c5 2. Nf3 Nc6 3. d4 cxd4 4. Nxd4 Nf6 5. Nc3 d6 6. Bc4 Qb6 7. Be3 Qxb2 8. Ndb5 Qb4 9. Bd3 Qa5 10. Qd2 (10. Bd2 $1 $15 Qd8 11. Nd5 Nxd5 12. exd5) 10... a6 11. Nd4 e6 12. O-O Be7 13. f4 Bd7 14. Nb3 Qc7 15. Na4 b5 16. Nb6 Rb8 17. Nxd7 Nxd7 18. f5 Bf6 19. g4 Bxa1 20. Rxa1 Nde5 21. Be2 Nc4 22. Bxc4 bxc4 23. Nd4 Nxd4 24. Bxd4 e5 25. Be3 Qc6 26. Qg2 Rb2 27. g5 Qa4 28. f6 g6 29. Qh3 Qd7 30. Qg2 O-O $19 31. h4 h5 32. gxh6 Kh7 33. Kh1 Qb7 34. h5 Rb1+ 0-1

[Event "Turkish Cup 2022"]
[Site "Sakarya"]
[Date "2022.03.28"]
[Round "5.34"]
[White "Canbulan, Arda"]
[Black "Unsal, Gorkem"]
[Result "1-0"]
[ECO "B32"]
[WhiteElo "1867"]
[BlackElo "1672"]
[Annotator "NA RC"]
[PlyCount "161"]
[EventDate "2022.03.25"]
[EventType "swiss"]
[EventCountry "TUR"]
[SourceTitle "playchess.com"]
[Source "ChessBase"]
[SourceQuality "1"]
[TimeControl "5400+30"]

1. e4 c5 2. Nf3 Nc6 3. d4 cxd4 4. Nxd4 e5 5. Nb5 d6 6. N1c3 a6 7. Na3 Be7 8. Nc4 b5 9. Ne3 Nf6 10. Bd3 Be6 11. O-O O-O 12. a3 Rc8 13. g4 g6 14. Ncd5 Nb8 15. a4 Nxd5 16. exd5 Bd7 17. axb5 axb5 18. Qe2 Qe8 19. f4 Bd8 20. Qg2 f6 21. f5 g5 22. Kh1 Rf7 23. Re1 Qe7 24. Nf1 Be8 25. Be3 Qf8 26. Ra8 Rb7 27. Ng3 Bf7 28. Rea1 Qe7 (28... h6 $16 29. Qf3 Qe7) 29. b3 Qc7 (29... h6 $16 30. Ne4 Kg7) 30. c4 ({White should try} 30. R8a7 $18 Qd7 31. Ne4) 30... Nd7 31. Ne4 ({Don't do} 31. cxb5 $6 Rxa8 32. Rxa8 Rb8 $14) 31... Be7 (31... Rxa8 $16 32. Rxa8 bxc4 33. bxc4 Rb8) 32. h4 h6 33. Qh3 Kg7 34. hxg5 hxg5 35. Kg2 Rxa8 36. Rxa8 $2 (36. Rh1 Bh5 37. Qxh5 Ra2+ 38. Kg3) 36... Bf8 $2 {[%emt 0:00:00] [#]} (36... Rb8 $18 37. Ra7 Qd8 38. Bxg5 fxg5 39. f6+ Bxf6 40. Nxd6 e4) 37. Nxg5 $1 fxg5 38. Bxg5 Rb8 39. Rxb8 Qxb8 40. f6+ Nxf6 41. Qh6+ Kg8 42. Qxf6 Qe8 $2 (42... bxc4 43. bxc4 Qb7) 43. Qf5 Bg7 44. Qh7+ Kf8 45. Bh6 Bxh6 46. Qxh6+ Ke7 47. g5 bxc4 48. Qf6+ Kd7 49. bxc4 Kc7 50. g6 Bg8 51. Bf5 Qd8 52. Qxd8+ Kxd8 53. Be6 Ke7 54. Bxg8 Kf6 55. Bf7 Kg7 56. Kf3 Kf6 57. Ke4 Kg7 58. Kf5 e4 59. Kxe4 Kf6 60. Kf4 Kg7 61. Kf5 Kf8 62. Ke6 Kg7 63. Kxd6 Kf6 64. c5 Kg7 65. c6 Kf6 66. c7 Kg7 67. Ke6 Kh6 68. c8=R Kg7 69. Rg8+ Kh6 70. d6 Kg5 71. d7 Kh6 72. d8=R Kg5 73. Rh8 Kf4 74. Rd5 Ke4 75. Rh4+ Ke3 76. g7 Kf3 77. Rd3+ Ke2 78. Ra3 Kf2 79. Rb4 Ke2 80. Rb2+ Kd1 81. Ra1# 1-0

[Event "Turkish Cup 2022"]
[Site "Sakarya"]
[Date "2022.03.28"]
[Round "5.36"]
[White "Pehlivan, Mert"]
[Black "Isik, Kadri"]
[Result "0-1"]
[ECO "B53"]
[WhiteElo "1573"]
[BlackElo "1858"]
[Annotator "NA RC"]
[PlyCount "134"]
[EventDate "2022.03.25"]
[EventType "swiss"]
[EventCountry "TUR"]
[SourceTitle "playchess.com"]
[Source "ChessBase"]
[SourceQuality "1"]
[TimeControl "5400+30"]

1. e4 c5 2. Nf3 d6 3. d4 cxd4 4. Qxd4 Nc6 5. Bb5 Bd7 6. Bxc6 Bxc6 7. Nc3 Nf6 8. Bg5 e6 9. O-O-O Be7 10. Rhe1 {[%emt 0:04:30] 10.Qd3 gains popularity.} h6 11. Bh4 Qa5 {[%emt 0:02:30] [#]} 12. e5 $146 ({Predecessor:} 12. Kb1 O-O 13. Qd2 Rfd8 14. Nd4 Rac8 15. Nd5 Qxd2 16. Nxe7+ Kf8 17. Ng6+ fxg6 18. Rxd2 Kf7 19. f3 {0-1 (70) Zhigalko,S (2572)-Paragua,M (2529) Chess.com INT 2021}) 12... dxe5 13. Nxe5 Rd8 14. Nxc6 Rxd4 15. Nxa5 Rxh4 16. h3 Bb4 17. Nb3 Bxc3 18. bxc3 Rc4 19. Kb2 O-O 20. Rd4 Rc7 21. Red1 Rfc8 22. Rd8+ Kh7 23. Rxc8 Rxc8 24. f3 Nd5 25. Rd3 Kg6 26. g3 Kf6 27. Nd2 b5 28. a3 Ke7 29. f4 f5 30. Nf3 Kf6 31. Nd4 a6 32. Kb3 (32. h4 $17) 32... g5 33. Ne2 a5 34. a4 bxa4+ 35. Kxa4 gxf4 36. gxf4 Nxf4 37. Nxf4 Rc4+ 38. Kxa5 Rxf4 39. Kb5 Rf2 40. c4 Rxc2 41. c5 e5 42. c6 Ke6 43. Kb6 e4 44. Rd8 f4 45. Re8+ Kd5 46. Rd8+ $19 {[%emt 0:00:33] [#]} Ke5 $1 47. c7 f3 48. c8=Q Rxc8 49. Rxc8 f2 50. Kc5 e3 51. Re8+ Kf4 52. Kd4 e2 53. Re4+ Kf5 54. Rxe2 f1=Q 55. Re3 Qd1+ 56. Rd3 Qa4+ 57. Ke3 Qe4+ 58. Kd2 Kf4 59. Kc3 Qe1+ 60. Kc4 Qc1+ 61. Kd5 Qc2 62. Kd4 Qc6 63. Rb3 Qd6+ 64. Kc3 Kg3 65. Kc2+ Kh4 66. Rc3 Qd4 67. Ra3 Qc5+ 0-1

[Event "Turkish Cup 2022"]
[Site "Sakarya"]
[Date "2022.03.28"]
[Round "5.37"]
[White "Demirag, Gokhan"]
[Black "Ozates, Veysel"]
[Result "1-0"]
[ECO "D17"]
[WhiteElo "1946"]
[BlackElo "1645"]
[Annotator "RC"]
[PlyCount "85"]
[EventDate "2022.03.25"]
[EventType "swiss"]
[EventCountry "TUR"]
[SourceTitle "playchess.com"]
[Source "ChessBase"]
[SourceQuality "1"]
[TimeControl "5400+30"]

1. d4 d5 2. c4 c6 3. Nf3 Nf6 4. Nc3 dxc4 5. a4 Bf5 6. Ne5 e6 7. f3 Nbd7 8. Nxc4 Qc7 9. e4 Bg6 10. Be3 Be7 11. Qd2 Nb6 12. Ne5 Rd8 13. a5 Nbd7 14. Nc4 e5 15. Qf2 exd4 16. Bxd4 c5 17. Be3 a6 18. Be2 O-O 19. O-O Rfe8 20. Rfd1 Bf8 21. Qh4 h6 22. Bf4 Qc8 23. Bd6 Be7 24. Qf2 Qc6 25. Bxe7 Rxe7 26. Rd6 Qc8 27. Rad1 Ree8 28. e5 Nh7 29. f4 Bf5 30. Qh4 f6 31. g4 Be6 32. Qe1 Bxc4 33. Bxc4+ Kh8 34. e6 Ndf8 35. Rxd8 Rxd8 36. Rxd8 Qxd8 37. e7 Qd4+ 38. Qf2 Qd7 39. exf8=Q+ Nxf8 40. h3 Qc7 41. Qd2 Qxa5 42. Kg2 Qc7 43. Qd5 1-0

[Event "Turkish Cup 2022"]
[Site "Sakarya"]
[Date "2022.03.28"]
[Round "5.39"]
[White "Karadag, Eflatun Cem"]
[Black "Gani, Refik Efe"]
[Result "1-0"]
[ECO "A00"]
[WhiteElo "1800"]
[BlackElo "1370"]
[Annotator "NA RC"]
[PlyCount "109"]
[EventDate "2022.03.25"]
[EventType "swiss"]
[EventCountry "TUR"]
[SourceTitle "playchess.com"]
[Source "ChessBase"]
[SourceQuality "1"]
[TimeControl "5400+30"]

1. Nf3 d5 2. b4 e5 3. Nxe5 Bxb4 4. c4 Be7 5. e3 Bf6 6. d4 Ne7 7. Nc3 O-O 8. Ba3 c6 9. Qb3 Bxe5 10. dxe5 dxc4 11. Bxc4 b5 12. Be2 Be6 13. Qb4 Re8 14. Rd1 Qc7 15. Qd6 Qxd6 16. Bxd6 Nd7 17. Bf3 Rac8 18. Be4 Nf5 19. Bxf5 Bxf5 20. e4 Be6 21. f4 a5 22. a3 f6 23. f5 Bc4 24. e6 Ne5 25. Bxe5 fxe5 26. Kf2 b4 27. axb4 axb4 28. Nb1 (28. Na4 $11 Bb3 29. Nb6) 28... Red8 29. Nd2 Bd3 30. Ke3 Bc2 31. Rc1 b3 32. Rxc2 bxc2 33. Rc1 Kf8 34. Nf3 Rd1 35. Rxc2 Ke7 36. Nxe5 c5 37. Ke2 Rd4 38. Ke3 Rd1 $18 39. g4 (39. Ra2 $18) 39... Rc7 40. g5 Re1+ 41. Kf4 Rf1+ 42. Nf3 g6 43. Rc3 c4 44. Ke5 Rc5+ $1 45. Kd4 Rc7 46. Kd5 Rd1+ 47. Nd4 Ra1 48. Nc6+ Rxc6 49. Kxc6 Ra5 50. Rf3 c3 51. f6+ Kxe6 52. f7 c2 53. Rf6+ Ke5 54. Rf1 Ke6 55. f8=Q 1-0

[Event "Turkish Cup 2022"]
[Site "Sakarya"]
[Date "2022.03.28"]
[Round "5.41"]
[White "Akgun, Yusuf"]
[Black "Cil, Batuhan"]
[Result "1-0"]
[ECO "B22"]
[WhiteElo "1561"]
[BlackElo "1737"]
[Annotator "NA RC"]
[PlyCount "115"]
[EventDate "2022.03.25"]
[EventType "swiss"]
[EventCountry "TUR"]
[SourceTitle "playchess.com"]
[Source "ChessBase"]
[SourceQuality "1"]
[TimeControl "5400+30"]

1. e4 c5 2. c3 e6 3. d4 d5 4. exd5 exd5 5. Nf3 Nf6 6. Bg5 Be6 7. Nbd2 Nc6 8. Bd3 c4 9. Bc2 Be7 10. O-O O-O 11. Ne5 Nxe5 12. dxe5 Nd7 13. Bxe7 Qxe7 14. f4 f5 15. Nf3 Nc5 16. Nd4 a6 17. g4 g6 18. gxf5 gxf5 19. Kh1 Kh8 20. Rg1 Rae8 21. Qh5 Qf7 22. Qxf7 Rxf7 23. Rad1 Rg8 24. Rxg8+ Kxg8 25. Kg2 Kf8 26. Kf3 Ke7 27. b3 b5 28. bxc4 Ne4 29. Nc6+ Kd7 30. cxd5 Bxd5 31. Rxd5+ Kxc6 32. Bxe4 fxe4+ 33. Kxe4 Rg7 34. Rd6+ Kc7 35. Rxa6 Rg2 36. Ra7+ Kc6 37. Rxh7 Rxa2 38. Kf5 Ra3 39. Rh3 b4 40. Rg3 Rxc3 41. Ke4 Rc4+ 42. Kf5 Rc3 43. Rg8 Kc7 44. Rg1 b3 45. Rb1 Kd7 46. Kf6 Ke8 47. f5 Rc6+ 48. e6 Rb6 49. h4 b2 50. h5 Kf8 51. h6 Rb7 52. Kg6 Rb3 53. h7 Rg3+ 54. Kf6 Rh3 55. e7+ Ke8 56. Rxb2 Rh6+ 57. Kg7 Rh3 58. h8=Q+ 1-0

[Event "Turkish Cup 2022"]
[Site "Sakarya"]
[Date "2022.03.28"]
[Round "5.44"]
[White "Sezis, Doruk"]
[Black "Parlarkilic, Engin"]
[Result "1-0"]
[ECO "A38"]
[WhiteElo "1566"]
[BlackElo "1587"]
[Annotator "NA RC"]
[PlyCount "123"]
[EventDate "2022.03.25"]
[EventType "swiss"]
[EventCountry "TUR"]
[SourceTitle "playchess.com"]
[Source "ChessBase"]
[SourceQuality "1"]
[TimeControl "5400+30"]

1. c4 c5 2. Nc3 Nc6 3. g3 g6 4. Bg2 Bg7 5. Nf3 Nf6 6. d4 cxd4 7. Nxd4 O-O 8. Nc2 d6 9. O-O Rb8 10. e4 a6 11. h3 Qa5 12. Bd2 Qh5 13. Qxh5 Nxh5 14. g4 Nf6 15. f4 Nd7 16. Be3 Na5 17. Na3 Nc6 18. Rac1 Bd4 19. Bxd4 Nxd4 20. Rfd1 Nc6 21. Nd5 Kg7 22. Nc2 Nf6 23. Nce3 Nxd5 24. cxd5 Na7 25. e5 dxe5 26. fxe5 Rd8 27. Nc4 b5 28. Na5 Rd7 29. d6 exd6 30. exd6 Rb6 31. Nc6 Nxc6 32. Bxc6 Rd8 33. d7 Bb7 34. Bg2 Bxg2 35. Rc8 Rxd7 36. Rxd7 Bxh3 37. Rcc7 Rf6 38. Rd4 h5 39. gxh5 gxh5 40. Kh2 Bg4 41. Kg3 Rf3+ 42. Kg2 Re3 43. Rf4 Be6 44. a3 Re2+ 45. Rf2 Re5 46. Ra7 h4 47. Rxa6 Rg5+ 48. Kh2 h3 49. a4 bxa4 50. Rxa4 Rb5 51. b4 Bb3 52. Ra3 Be6 53. Rb2 Kf6 54. Kg3 Ke7 55. Ra5 Rb8 56. Rc5 Rg8+ 57. Kh2 Rc8 58. Rxc8 Bxc8 59. b5 Kd6 60. Rc2 Be6 61. b6 Bd5 62. Rd2 1-0

[Event "Turkish Cup 2022"]
[Site "Sakarya"]
[Date "2022.03.28"]
[Round "5.45"]
[White "Tocoglu, Onur"]
[Black "Altin, Halis"]
[Result "1-0"]
[ECO "D77"]
[WhiteElo "1798"]
[BlackElo "1536"]
[Annotator "NA RC"]
[PlyCount "96"]
[EventDate "2022.03.25"]
[EventType "swiss"]
[EventCountry "TUR"]
[SourceTitle "playchess.com"]
[Source "ChessBase"]
[SourceQuality "1"]
[TimeControl "5400+30"]

1. Nf3 Nf6 2. c4 e6 3. g3 d5 4. cxd5 exd5 5. Bg2 g6 6. O-O Bg7 7. d4 O-O 8. Bf4 Nbd7 9. Qc1 c6 10. Bh6 Re8 11. Bxg7 Kxg7 12. Re1 Ne4 13. Nfd2 f5 14. f3 Nd6 15. Nc3 Qf6 16. e3 Nf8 17. b4 Bd7 18. a4 a6 19. Nb3 Be6 20. a5 Bf7 21. Na4 Nd7 22. Nbc5 Nxc5 23. Nxc5 Re7 24. Qc3 Rae8 25. Bf1 f4 26. exf4 Rxe1 27. Rxe1 Rxe1 28. Qxe1 Qxd4+ 29. Kg2 Qb2+ 30. Kh3 Qf6 31. Qe5 d4 32. Kg2 Bd5 33. Kf2 Bc4 34. Qxf6+ Kxf6 35. Bxc4 Nxc4 36. Nxb7 Ke6 37. Nc5+ Kd5 38. Nxa6 d3 39. Nc5 Kd4 40. Ne4 Na3 41. a6 Nb5 42. g4 Na7 43. h4 Kc4 44. f5 gxf5 45. gxf5 Kd5 46. f6 Ke6 47. Ke3 h5 48. Kxd3 Kd5 1-0

[Event "Turkish Cup 2022"]
[Site "Sakarya"]
[Date "2022.03.28"]
[Round "5.47"]
[White "Kilic, Nurullah"]
[Black "Buyuk, Eymen Eren"]
[Result "1/2-1/2"]
[ECO "C02"]
[WhiteElo "1171"]
[BlackElo "1526"]
[Annotator "NA RC"]
[PlyCount "71"]
[EventDate "2022.03.25"]
[EventType "swiss"]
[EventCountry "TUR"]
[SourceTitle "playchess.com"]
[Source "ChessBase"]
[SourceQuality "1"]
[TimeControl "5400+30"]

1. e4 e6 2. d4 d5 3. e5 c5 4. c3 f5 5. exf6 Nxf6 6. Nf3 Nc6 7. Na3 cxd4 8. cxd4 Qa5+ 9. Bd2 Qb6 10. Nc2 Bd6 11. a3 O-O 12. Bd3 e5 13. dxe5 Nxe5 14. Nxe5 Bxe5 15. O-O Bxh2+ 16. Kxh2 Ng4+ 17. Kg1 Rxf2 18. Ne3 Nxe3 19. Bxh7+ Kh8 20. Bxe3 Rxf1+ 21. Kxf1 Qxe3 22. Bc2 Bg4 23. Qxg4 Rf8+ 24. Bf5 Qd3+ 25. Kg1 Qxf5 26. Qh4+ Kg8 27. Re1 Rf6 28. Qg3 Qh5 29. Qe5 Rf5 30. Qb8+ Kh7 31. Qxa7 Qh4 32. Qe3 Rh5 33. Qd3+ g6 34. Re3 Qh1+ 35. Kf2 Qh4+ 36. Kg1 1/2-1/2

[Event "Turkish Cup 2022"]
[Site "Sakarya"]
[Date "2022.03.28"]
[Round "6.1"]
[White "Kirilmaz, Emre"]
[Black "Samani, Yamac"]
[Result "1/2-1/2"]
[ECO "A48"]
[WhiteElo "2229"]
[BlackElo "2257"]
[Annotator "NA"]
[PlyCount "34"]
[EventDate "2022.03.25"]
[EventType "swiss"]
[EventCountry "TUR"]
[SourceTitle "playchess.com"]
[Source "ChessBase"]
[SourceQuality "1"]
[TimeControl "5400+30"]

1. d4 Nf6 2. c3 g6 3. Bg5 Bg7 4. Nd2 O-O 5. Ngf3 d6 6. e4 c5 7. dxc5 dxc5 8. Bc4 Nc6 9. Qe2 Na5 10. Bd3 Qc7 11. O-O h6 12. Bh4 Nh5 13. Qe3 Nf4 14. Bxe7 Nh3+ 15. gxh3 Qxe7 16. e5 Nc6 17. Rfe1 Kh8 1/2-1/2

[Event "Turkish Cup 2022"]
[Site "Sakarya"]
[Date "2022.03.28"]
[Round "6.2"]
[White "Guven, Oguz Kagan"]
[Black "Koksal, Ege"]
[Result "1/2-1/2"]
[ECO "D11"]
[WhiteElo "2157"]
[BlackElo "2343"]
[Annotator "NA"]
[PlyCount "83"]
[EventDate "2022.03.25"]
[EventType "swiss"]
[EventCountry "TUR"]
[SourceTitle "playchess.com"]
[Source "ChessBase"]
[SourceQuality "1"]
[TimeControl "5400+30"]

1. Nf3 d5 2. g3 c6 3. Bg2 Bg4 4. O-O Nd7 5. d4 Ngf6 6. c4 e6 7. h3 Bh5 8. cxd5 cxd5 9. Bf4 Be7 10. Qb3 Qb6 11. Qxb6 Nxb6 12. Nc3 Bxf3 13. Bxf3 Kd7 14. e4 dxe4 15. Nxe4 Nxe4 16. Bxe4 Nd5 17. Bxd5 exd5 18. g4 h5 19. Rac1 Bd6 20. Bxd6 Kxd6 21. f3 Rac8 22. Rfe1 hxg4 23. hxg4 Rc4 24. Rxc4 dxc4 25. Re5 Rc8 26. Ra5 a6 27. Kf2 Rc6 28. Ke3 Rb6 29. Ke4 Rxb2 30. Rd5+ Ke7 31. Re5+ Kf8 32. Rc5 b5 33. a4 Ke7 34. d5 Kd7 35. Rc6 Ra2 36. axb5 axb5 37. Rb6 Rb2 38. Kd4 Rd2+ 39. Ke4 Rb2 40. Kd4 Rd2+ 41. Ke4 Rb2 42. Kd4 1/2-1/2